 Dungeon Crawl Stone Soup version 0.24.0-35-gdb84b6a5db (webtiles) character file.

Game seed: 11846926105551872807, levelgen mode: deterministic

411 Nattfarinn the Chucker (level 6, -2/67 HPs)
             Began as an Ogre Hunter on Nov 18, 2019.
             Slain by a sky beast (6 damage)
             ... on level 5 of the Dungeon.
             The game lasted 00:09:35 (3981 turns).

Nattfarinn the Chucker (Ogre Hunter)                Turns: 3981, Time: 00:09:36

Health: -2/67      AC:  3    Str: 17    XL:     6   Next: 90%
Magic:  6/6        EV: 10    Int: 12    God:
Gold:   263        SH:  0    Dex: 11    Spells: 5/5 levels left

rFire    . . .     SeeInvis .   a - +0 short sword
rCold    . . .     Gourm    .   (no shield)
rNeg     . . .     Faith    .   b - +0 robe
rPois    .         Spirit   .   (helmet restricted)
rElec    .         Reflect  .   (no cloak)
rCorr    .         Harm     .   (gloves unavailable)
MR       .....                  (boots unavailable)
Stlth    +.........             (no amulet)
HPRegen  0.21/turn              (no ring)
MPRegen  0.10/turn              (no ring)

@: confused
A: large, unfitting armour, tough skin 1
a: no special abilities


You were on level 5 of the Dungeon.
You were not hungry.

You visited 1 branch of the dungeon, and saw 5 of its levels.

You collected 263 gold pieces.

Inventory:

Hand Weapons
 a - a +0 short sword (weapon)
Armour
 b - a +0 robe (worn)
Jewellery
 n - an uncursed amulet of regeneration
 p - an uncursed ring of positive energy
 x - an uncursed ring of protection from fire {unknown}
Scrolls
 d - 2 scrolls of identify
 e - a scroll of enchant armour {unknown}
 g - a scroll of enchant weapon
 h - a scroll of blinking {unknown}
 i - a scroll of fear {unknown}
 o - 2 scrolls of remove curse
 q - a scroll of teleportation {unknown}
 w - a scroll of immolation {unknown}
 y - 2 scrolls of amnesia {unknown}
Potions
 c - a potion of brilliance
 j - 5 potions of curing
 k - a potion of agility
 m - 2 potions of flight
 t - a potion of mutation {unknown}
 u - a potion of resistance {unknown}
Comestibles
 f - 10 rations
 l - a chunk of flesh


   Skills:
 + Level 5.7 Fighting
 * Level 6.9 Throwing
 - Level 1.7 Dodging
 - Level 0.6 Stealth


You had 5 spell levels left.
You didn't know any spells.
Your spell library contained the following spells:

 Spells                   Type           Power        Failure   Level  Hunger
 Corona                   Hex            #......      32%         1    ##.....
 Ensorcelled Hibernation  Hex/Ice        #.....       45%         2    ###....
 Confuse                  Hex            #.......     69%         3    ####...
 Dazzling Spray           Conj/Hex       #.....       69%         3    ####...
 Tukima's Dance           Hex            #.......     69%         3    ####...


Dungeon Overview and Level Annotations

Branches:
Dungeon (5/15)
 Temple: D:4-7

Altars:
Makhleb
Sif Muna
Trog
Yredelemnul
Zin


Innate Abilities, Weirdness & Mutations

You are too large for most types of armour.
You have tough skin. (AC +1)


Message History

* * * LOW HITPOINT WARNING * * *
You closely miss something. Something hits you.
* * * LOW HITPOINT WARNING * * *
Something shocks you.
* * * LOW HITPOINT WARNING * * *
You are confused.
You feel invigorated. Something hits you but does no damage.
You hit something. Something hits you.
* * * LOW HITPOINT WARNING * * *
Something shocks you.
* * * LOW HITPOINT WARNING * * *
You miss something. Something hits you.
* * * LOW HITPOINT WARNING * * *
Something shocks you.
* * * LOW HITPOINT WARNING * * *
You bump into the rock wall.
Something hits you but does no damage.
You bump into the rock wall.
Something hits you.
* * * LOW HITPOINT WARNING * * *
Something shocks you.
You die...

###.###.#####.#.# #.# #.......#.#
#.# #########.#### ##'##
#........# ##...## #.###.##.#
##.....## #.###.##.# ? ##.......##
#.#.#.##.#
..####.........###........#######
....('.........{@....##.##......#
..####.........###.####รท#########
. ##.......## ###.......##
##.....## ##.........## ##...##
#...........# ##'## #....###....#
#.# ###...##y##...#
####.#####.#....###....#
#......##.###.........##


There were no monsters in sight!

Vanquished Creatures
  An ogre (D:4)
  An orc priest (D:3)
  A hound (D:3)
  A centaur skeleton (D:5)
  An iguana (D:5)
  A killer bee zombie (D:5)
  7 adders
  2 oozes
  2 worms
  4 dart slugs
  4 leopard geckos
  14 orcs
  4 bats
  4 giant cockroaches
  7 goblins
  12 hobgoblins
  A jackal (D:3)
  5 kobolds
  2 quokkas (D:3)
  3 ball pythons
  3 frilled lizards
  A jackal zombie (D:5)
  16 rats
97 creatures vanquished.

Notes
Turn   | Place    | Note
-------+----------+-------------------------------------------
     0 | D:1      | Nattfarinn the Ogre Hunter began the quest for the Orb.
     0 | D:1      | Reached XP level 1. HP: 22/22 MP: 1/1
    22 | D:1      | Reached XP level 2. HP: 26/31 MP: 2/2
   479 | D:1      | Reached XP level 3. HP: 37/37 MP: 3/3
   813 | D:2      | Reached skill level 5 in Throwing
   813 | D:2      | Reached XP level 4. HP: 18/48 MP: 4/4
  1283 | D:3      | Reached XP level 5. HP: 50/54 MP: 5/5
  1799 | D:3      | You fall into a shaft and drop 1 floor!
  2049 | D:3      | Reached skill level 6 in Throwing
  2193 | D:3      | Found a basalt altar of Yredelemnul.
  2488 | D:3      | Reached skill level 5 in Fighting
  2488 | D:3      | Reached XP level 6. HP: 52/66 MP: 6/6
  3033 | D:4      | Found a burning altar of Makhleb.
  3035 | D:4      | Found a glowing silver altar of Zin.
  3035 | D:4      | Noticed an angel
  3035 | D:4      | Noticed a green death
  3172 | D:4      | Found a shimmering blue altar of Sif Muna.
  3466 | D:5      | Entered Level 5 of the Dungeon
  3835 | D:5      | Noticed a moth of wrath
  3838 | D:5      | Found a bloodstained altar of Trog.
  3945 | D:5      | Noticed a sky beast
  3979 | D:5      | HP: 1/67 [something (5)]
  3981 | D:5      | Slain by a sky beast

Levels and vault maps discovered:
D:1:      minmay_arrival_semitransparent, layout_rooms,
          minmay_misc_feat_four_crosses, hex_medium, serial_park_tiny_pond
D:2:      layout_basic
D:3:      layout_basic, lemuel_doored_altar, st_stairs_7
D:4:      layout_basic, grunt_temple_overflow_order_and_chaos_2,
          lemuel_blue_sif_altar, minmay_liquid_box
D:5:      layout_loops_corners, okawaru_trees_1, tgw_trog,
          gammafunk_ghost_necromancy, first_ration, nemelex_diamond_rough_becter

Skill      XL: |  1  2  3  4  5 |
---------------+----------------+-----
Fighting       | 3 4 5 |  5.7
Throwing       | 5 6 |  6.9
Dodging        | |  1.7
Stealth        | |  0.6

Action                   |  1- 3 |  4- 6 || total
-------------------------+-------+-------++-------
Melee: Short sword       |    51 |   106 ||   157
Throw: Large rock        |    32 |    80 ||   112
       Javelin           |       |    32 ||    32
  Use: Potion            |     1 |     3 ||     4
       Scroll            |       |     8 ||     8
  Eat: Chunk             |       |    10 ||    10
Armor: Robe              |    24 |    22 ||    46
Dodge: Dodged            |    44 |    83 ||   127
